 Dungeon Crawl Stone Soup version 0.29.1-4-g47bece8355 (webtiles) character file.

Game seed: 3984456326780095775

74 Anriel the Shooter (level 4, -6/26 HPs)
             Began as a Deep Elf Arcane Marksman on Dec 9, 2022.
             Was an Initiate of Okawaru.
             Mangled by Crazy Yiuf
             ... wielding a +4 quarterstaff of chaos
              (19 damage)
             ... on level 3 of the Dungeon.
             The game lasted 00:11:26 (1849 turns).

Anriel the Shooter (Deep Elf Arcane Marksman)       Turns: 1849, Time: 00:11:27

Health: -6/26      AC:  2    Str:  6 (7)  XL:     4   Next: 9%
Magic:  7/8        EV: 13    Int: 16 (18) God:    Okawaru [......]
Gold:   57         SH:  0    Dex: 17      Spells: 5/6 levels left

rFire   + . .      SeeInvis .   a - +1 sling
rCold   x . .      Faith    .   (no shield)
rNeg    . . .      Spirit   .   c - +0 robe
rPois   .          Reflect  .   (no helmet)
rElec   .          Harm     .   (no cloak)
rCorr   .          Rampage  .   (no gloves)
Will    .....                   (no boots)
Stlth   ++........              (no amulet)
HPRegen 0.08/turn               f - ring of fire
MPRegen 0.11/turn               (no ring)

@: on berserk cooldown, slowed, very slow
A: no striking features
a: Renounce Religion


You were on level 3 of the Dungeon.
You worshipped Okawaru.
Okawaru was noncommittal.
You visited 1 branch of the dungeon, and saw 3 of its levels.

You collected 57 gold pieces.

Inventory:

Hand Weapons
 a - a +1 sling (weapon)
Armour
 c - a +0 robe (worn)
 i - a scarf of shadows
Jewellery
 f - a ring of fire (left hand)
 j - a +6 ring of strength
Wands
 l - a wand of flame (9)
Scrolls
 b - a scroll of poison
 e - a scroll of identify
 k - a scroll of fear {unknown}
Potions
 d - a potion of lignification
 g - a potion of mutation
 h - a potion of flight


   Skills:
 + Level 2.3 Fighting
 + Level 4.5 Ranged Weapons
 - Level 2.4 Dodging
 - Level 1.5 Spellcasting
 - Level 4.0 Hexes


You had 5 spell levels left.
You knew the following spells:

 Your Spells              Type           Power      Damage    Failure   Level
a - Slow                  Hex            56%        N/A       4%          1

Your spell library contained the following spells:

 Spells                   Type           Power      Damage    Failure   Level
 Freeze                   Ice            4%         1d3       22%         1
 Necrotise                Necr           4%         1d4       22%         1
 Inner Flame              Hex/Fire       11%        N/A       28%         3
 Portal Projectile        Hex/Tloc       14%        N/A       28%         3
 Cause Fear               Hex            7%         N/A       38%         4
 Frozen Ramparts          Ice            2%         1d1       54%         3
 Vampiric Draining        Necr           1%         2d6       54%         3
 Hailstorm                Conj/Ice       1%         3d3       91%         4
 Agony                    Necr           1%         N/A       99%         5


Dungeon Overview and Level Annotations

Branches:
Dungeon (3/15)

Altars:
Okawaru
Wu Jian

Annotations:
D:2 Sigmund
D:3 Crazy Yiuf


Message History

Press: ? - help, Shift-Dir - straight line, f/p - Crazy Yiuf
Aim: Crazy Yiuf, wielding a +4 quarterstaff of chaos and wearing a +2 cloak (chance to affect: 62%) Crazy Yiuf seems to slow down.
Crazy Yiuf hits you with a +4 quarterstaff of chaos!
A red film seems to cover your vision as you go berserk!
You feel yourself moving faster!
You feel mighty!
You feel a strong urge to attack something.
You feel your anger nearly subside.
You see here a +0 hammer.
You are no longer berserk.
You are exhausted.
You feel yourself slow down.
Fire: a) +1 sling
Press: ? - help, Q - select action, (/) - cycle Shift-Dir - straight line, f/p - Crazy Yiuf
Aim: Crazy Yiuf, wielding a +4 quarterstaff of chaos and wearing a +2 cloak (slow, 65% to hit)
You shoot a sling bullet.
The sling bullet barely misses Crazy Yiuf.
Fire: a) +1 sling
Press: ? - help, Q - select action, (/) - cycle Shift-Dir - straight line, f/p - Crazy Yiuf
Aim: Crazy Yiuf, wielding a +4 quarterstaff of chaos and wearing a +2 cloak (slow, 65% to hit)
You shoot a sling bullet.
The sling bullet barely misses Crazy Yiuf.
Fire: a) +1 sling
Press: ? - help, Q - select action, (/) - cycle Shift-Dir - straight line, f/p - Crazy Yiuf
Aim: Crazy Yiuf, wielding a +4 quarterstaff of chaos and wearing a +2 cloak (slow, 65% to hit)
You shoot a sling bullet.
The sling bullet barely misses Crazy Yiuf.
Crazy Yiuf yells, "Action!
Millenium senile turtle."
Crazy Yiuf is no longer moving slowly.
Crazy Yiuf says, "Goober eyeball horse!"
Casting: Slow (safe; 4% risk of failure)
Confirm with . or Enter, or press ? or * to list all spells.
Aiming: Slow (safe; 4% risk of failure)
Press: ? - help, Shift-Dir - straight line, f/p - Crazy Yiuf
Aim: Crazy Yiuf, wielding a +4 quarterstaff of chaos and wearing a +2 cloak (chance to affect: 62%) Crazy Yiuf seems to slow down.
Crazy Yiuf hits you with a +4 quarterstaff of chaos.
You are electrocuted!!
Ouch! That really hurt!
You die...

# #...≈...# #.#......[# ..
+######## #†#.#####.# ..
#########.#.# #.# #.
#....[..#.#.# #.#
...#.###.......#.#.#####.#
#.....)........#.#.##.##..
..# #........†#.........
#.# #........#.##.......
#.# #..@.....###.......#
#.# #.g......# ##.....##
##.#####.######## ##...##
##).......# #..##
#....###### #.## #....#
#.# ♣....♣ ♣)))♣♣ ♣♣.♣♣


You could see Crazy Yiuf (slow).

Vanquished Creatures
  Ijyb (D:3)
  A gnoll (D:1)
  5 ball pythons
  4 endoplasms
  2 giant cockroaches (D:1)
  5 goblins (D:1)
  3 hobgoblins
  4 kobolds
  3 quokkas (D:3)
  2 bats
  A frilled lizard (D:1)
  2 rats
33 creatures vanquished.

Notes
Turn   | Place    | Note
-------+----------+-------------------------------------------
     0 | D:1      | Anriel the Deep Elf Arcane Marksman began the quest for the
                  | Orb.
     0 | D:1      | Reached XP level 1. HP: 11/11 MP: 5/5
    34 | D:1      | Reached skill level 1 in Fighting
    34 | D:1      | Reached XP level 2. HP: 16/16 MP: 3/6
   834 | D:1      | Reached XP level 3. HP: 11/21 MP: 7/7
  1448 | D:2      | Noticed Sigmund
  1681 | D:3      | Found an iron altar of Okawaru.
  1682 | D:3      | Found an ornate altar of the Wu Jian Council.
  1685 | D:3      | Became a worshipper of Warmaster Okawaru
  1702 | D:3      | Noticed Ijyb
  1769 | D:3      | Killed Ijyb
  1770 | D:3      | Reached XP level 4. HP: 21/26 MP: 8/8
  1823 | D:3      | Found a runed translucent door.
  1824 | D:3      | Noticed Crazy Yiuf
  1849 | D:3      | Mangled by Crazy Yiuf

Illustrated notes

Levels and vault maps discovered:
D:1:      dpeg_arrival_boxes_within_box, layout_basic
D:2:      layout_loops_ring, serial_shops, nicolae_shop_bloodbath_and_beyond,
          basic_altar, uniq_robin, uniq_sigmund, uniq_jessica
D:3:      layout_loops_cross, mainiacjoe_overflow_divided_tiny,
          hellmonk_ecumenical_altar_arch_garden, st_stairs_14, uniq_ijyb,
          uniq_crazy_yiuf_cottage

Skill      XL: |  1  2  3 |
---------------+----------+-----
Fighting       | 1 2 |  2.3
Ranged Weapons | 3 4 |  4.5
Dodging        | |  2.4
Spellcasting   | |  1.5
Hexes          | |  4.0

Action                   |  1- 3 |  4- 6 || total
-------------------------+-------+-------++-------
 Fire: Sling             |   129 |     9 ||   138
 Cast: Slow              |    16 |     4 ||    20
  Use: Potion            |     2 |       ||     2
       Scroll            |     2 |       ||     2
Armor: Robe              |     5 |       ||     5
Dodge: Dodged            |    22 |     3 ||    25
